 Dungeon Crawl Stone Soup version 0.18.1-47-g9310371 (webtiles) character file.

137 rftp080 the Ruffian (level 5, 0/42 HPs)
             Began as a Ghoul Wizard on June 20, 2016.
             Slain by Crazy Yiuf
             ... wielding a +4 quarterstaff of chaos
              (6 damage)
             ... on level 3 of the Dungeon.
             The game lasted 00:10:17 (3586 turns).

rftp080 the Ruffian (Ghoul Wizard)                  Turns: 3586, Time: 00:10:17

Health: 0/42       AC:  4    Str: 11    XL:     5   Next: 20%
Magic:  3/8        EV: 11    Int: 14    God:
Gold:   111        SH:  0    Dex:  7    Spells: 3 memorised, 4 levels left

rFire  . . .     SeeInvis .       - Unarmed
rCold  + . .     Gourm    .     i - +0 leather armour
rNeg   + + +     Faith    .     (no shield)
rPois  ∞         Spirit   .     b - +0 hat
rElec  .         Dismiss  .     (no cloak)
rCorr  +         Reflect  .     (no gloves)
SustAt .         Harm     .     h - +0 pair of boots
MR     .....                    (no amulet)
Stlth  +.........               n - ring of resist corrosion
                                (no ring)

@: very slightly contaminated, rotting, repel missiles, invisible, not resistant
to hostile enchantments, very unstealthy
A: rotting body, claws 1, carnivore 3, cold resistance 1, negative energy
resistance 3, slow regeneration 1, torment resistance, unbreathing
a: no special abilities


You were on level 3 of the Dungeon.
You were not hungry.

You visited 1 branch of the dungeon, and saw 4 of its levels.

You collected 111 gold pieces.

Inventory:

Missiles
 g - 63 stones (quivered)
Armour
 a - a +0 robe
 b - a +0 hat (worn)
 h - a +0 pair of boots (worn)
 i - a +0 leather armour (worn)
Jewellery
 f - an uncursed ring of teleportation
 n - a ring of resist corrosion (right claw)
Scrolls
 e - a scroll of blinking
 k - 2 scrolls of identify
 m - a scroll of remove curse
 t - a scroll of teleportation {unknown}
 u - a scroll of enchant weapon {unknown}
Books
 c - a book of Minor Magic

   Spells                             Type                      Level
   a - Magic Dart                     Conjuration                  1
   b - Blink                          Translocation                2
   c - Call Imp                       Summoning                    2
   d - Repel Missiles                 Charms/Air                   2
   e - Slow                           Hexes                        2
   f - Conjure Flame                  Conjuration/Fire             3
   g - Mephitic Cloud                 Conjuration/Poison/Air       3
 j - a book of Changes

   Spells                             Type                      Level
   a - Beastly Appendage              Transmutation                1
   b - Sticks to Snakes               Transmutation                2
   c - Spider Form                    Transmutation/Poison         3
   d - Ice Form                       Ice/Transmutation            4
   e - Blade Hands                    Transmutation                5
Comestibles
 d - 2 meat rations
 l - 8 chunks of flesh


   Skills:
 + Level 2.7 Fighting
 - Level 1.7 Dodging
 - Level 2.1 Stealth
 * Level 4.0 Unarmed Combat
 - Level 2.7 Spellcasting
 - Level 0.7 Conjurations
   Level 0.8 Summonings
 - Level 0.8 Translocations


You had 4 spell levels left.
You knew the following spells:

 Your Spells              Type           Power        Failure   Level  Hunger
a - Magic Dart            Conj           #...         24%         1    #......
b - Blink                 Tloc           N/A          30%         2    ###....
c - Repel Missiles        Chrm/Air       #.....       47%         2    ###....


Dungeon Overview and Level Annotations

Branches:
Dungeon (4/15)
 Temple: D:4-7

Altars:

Annotations:
D:3 Crazy Yiuf, Sigmund


Innate Abilities, Weirdness & Mutations

Your body is rotting away.
You thrive on raw meat.
You are immune to poison.
You have sharp fingernails.
You are carnivorous and can eat meat at any time.
Your flesh is cold resistant.
You are immune to negative energy.
You regenerate slowly when monsters are visible.
You are immune to unholy pain and torment.
You can survive without breathing.


Message History

Crazy Yiuf barely misses you.
You barely miss Crazy Yiuf.
Crazy Yiuf is moderately wounded.
Crazy Yiuf closely misses you.
You aren't carrying any potions.
Unknown command.
You scratch Crazy Yiuf but do no damage.
Crazy Yiuf is moderately wounded.
You scratch Crazy Yiuf.
Crazy Yiuf is severely wounded.
Crazy Yiuf hits you with a quarterstaff of chaos.
* * * LOW HITPOINT WARNING * * *
Unknown command.
You scratch Crazy Yiuf.
Crazy Yiuf is severely wounded.
Crazy Yiuf barely misses you.
You closely miss Crazy Yiuf.
Crazy Yiuf is severely wounded.
Crazy Yiuf hits you with a quarterstaff of chaos.
You die...

####### .#).#.##
########## #).....##
#........#
##......####........#
##.#......'........+
#######.##........#
#.##........#
#.##....@...##########
####
#.##....g............#
...#
#.##............)....#
#..#
#.#..................#
#....
..#...######.........####
.o### #.#...#
#.........'... .# #...#
#.........#### .. #...#
#.........# o# #####
####+######


You could see Crazy Yiuf.

Vanquished Creatures
  Jessica (D:3)
  3 adders (D:2)
  3 worms (D:2)
  2 dart slugs
  3 orcs
  8 bats
  6 giant cockroaches
  5 goblins
  5 hobgoblins
  11 jackals
  A quokka (D:2)
  7 giant newts
  8 kobolds
  4 rats
67 creatures vanquished.

Notes
Turn   | Place    | Note
--------------------------------------------------------------
     0 | D:1      | rftp080 the Ghoul Wizard began the quest for the Orb.
     0 | D:1      | Reached XP level 1. HP: 14/14 MP: 3/3
     6 | D:1      | Noticed a water moccasin
     6 | D:1      | Noticed a rime drake
     6 | D:1      | Noticed a black bear
   251 | D:1      | Reached skill level 1 in Unarmed Combat
   254 | D:1      | Reached XP level 2. HP: 20/22 MP: 1/4
   565 | D:1      | Reached skill level 1 in Fighting
  1083 | D:1      | Reached XP level 3. HP: 28/28 MP: 0/6
  1091 | D:1      | Reached skill level 2 in Unarmed Combat
  1617 | D:2      | Reached XP level 4. HP: 23/36 MP: 7/7
  1685 | D:2      | Reached skill level 3 in Unarmed Combat
  2178 | D:2      | Learned a level 2 spell: Blink
  2181 | D:2      | Learned a level 2 spell: Repel Missiles
  2216 | D:3      | Noticed Jessica
  2216 | D:3      | Noticed Sigmund
  2341 | D:3      | Killed Jessica
  2341 | D:3      | Reached XP level 5. HP: 22/42 MP: 8/8
  3278 | D:4      | Reached skill level 4 in Unarmed Combat
  3551 | D:3      | Noticed Crazy Yiuf
  3586 | D:3      | Slain by Crazy Yiuf

Skill      XL: |  1  2  3  4  5 |
---------------+----------------+-----
Unarmed Combat | 1 2 3 4 |  4.0
Fighting       | 1 2 |  2.7
Dodging        | |  1.7
Stealth        | |  2.1
Spellcasting   | |  2.7
Conjurations   | |  0.7
Summonings     | |  0.8
Translocations | |  0.8

Action                   |  1- 3 |  4- 6 || total
-------------------------+-------+-------++-------
Melee: Unarmed           |   174 |   150 ||   324
       Punch             |       |     1 ||     1
 Cast: Magic Dart        |    18 |    10 ||    28
       Repel Missiles    |       |     1 ||     1
  Use: Potion            |       |     7 ||     7
       Scroll            |       |     3 ||     3
 Stab: Sleeping          |       |     1 ||     1
       Invisible         |       |     1 ||     1
  Eat: Chunk             |    19 |    24 ||    43
Armor: Robe              |     6 |       ||     6
       Leather armour    |    58 |    40 ||    98
Dodge: Dodged            |   108 |    87 ||   195
       Deflected         |       |     3 ||     3
